AoeStats
← howdydo12

MegaRandom

517196323Analyzed
1v1 RM · 8d ago on Oct 29, 2026· 46m 12s· 2 players
Game mode
Random Map
Map size
Tiny (2 player)
Population
200
Speed
Normal
Resources
Standard
Victory
Conquest
Starting age
Dark Age
Ending age
Imperial Age
RankedLock teamsTeams togetherTeam positionsShared explorationLock speedFull tech treeHidden civsTurbo modeCheats
Victory
Defeat
🇵🇱 Saracens · Poland
668
+17
vs
🇦🇷 Khmer · Argentina
693
-17
howdydo12
7:06 Loom
11:35 Feudal Age
12:25 Double-Bit Axe
17:19 Horse Collar
21:09 Fletching
25:39 Castle Age
24:05 Padded Archer Armor
25:54 Wheelbarrow
27:13 Forging
27:32 Crossbowman
28:13 Bodkin Arrow
32:43 Scale Barding Armor
33:34 Medium Warships
34:10 Chain Barding Armor
38:27 Bloodlines
38:19 Husbandry
44:56 Imperial Age
45:09 Heavy Camel Rider
ikgort
7:06 Loom
9:30 Feudal Age
10:15 Town Watch
11:28 Double-Bit Axe
13:21 Fishing Lines
13:41 Horse Collar
14:15 Gold Mining
17:01 Wheelbarrow
16:19 Man-at-Arms
20:08 Scale Barding Armor
20:13 Forging
23:44 Forging
23:25 Fletching
26:32 Castle Age
24:35 Stone Mining
26:32 Bloodlines
26:38 Pikeman
27:32 Husbandry
26:52 Light Cavalry
28:53 Iron Casting
28:15 Bodkin Arrow
28:55 Gillnets
30:19 Hand Cart
31:28 Bow Saw
31:21 Heavy Plow
31:57 Gold Shaft Mining
31:57 Stone Shaft Mining
33:03 Stone Shaft Mining
33:33 Medium Warships
34:02 Town Patrol
37:32 Guard Tower
38:04 Ballistics
39:16 Fervor
39:27 Sanctity
42:02 Masonry
44:31 Scale Mail Armor
47:55 Imperial Age
Connection lost

Rejoining the realm…

Still unreachable

The connection could not be restored.

Session expired

The server has moved on; the page needs a fresh start.